 Dungeon Crawl Stone Soup version 0.22-a0-274-gf8199ec82f (webtiles) character file.

18938 Ikesh the Archer (level 12, -3/100 HPs)
             Began as a Yellow Draconian Transmuter on Mar 14, 2018.
             Was an Elder of Makhleb.
             Slain by an unseen horror (7 damage)
             ... on level 11 of the Dungeon.
             The game lasted 01:39:25 (16901 turns).

Ikesh the Archer (Yellow Draconian Transmuter)     Turns: 16901, Time: 01:39:26

Health: -3/100     AC: 13    Str: 15    XL:     12   Next: 32%
Magic:  0/24       EV: 15    Int: 15    God:    Makhleb [****..]
Gold:   710        SH:  0    Dex: 13    Spells: 8/27 levels left

rFire    . . .     SeeInvis .   s - +6 mace (holy)
rCold    . . .     Gourm    .   (no shield)
rNeg     + . .     Faith    .   (armour unavailable)
rPois    .         Spirit   +   (helmet restricted)
rElec    .         Reflect  .   u - +1 cloak
rCorr    +         Harm     .   E - +2 pair of gloves
MR       +....                  (boots currently unavailable)
Stlth    ++++......             p - amulet of guardian spirit
HPRegen  0.26/turn              w - ring of stealth
MPRegen  0.19/turn              B - ring of positive energy

@: appendage (expiring)
A: spit acid, acid resistance, unfitting armour, big wings, talons 3, magic
resistance 1, wild magic 1, cold-blooded, AC +8
a: Breathe Acid, Fly, End Transformation, Minor Destruction, Lesser Servant of
Makhleb, Major Destruction, Renounce Religion


You were on level 11 of the Dungeon.
You worshipped Makhleb.
Makhleb was greatly pleased with you.
You were not hungry.
You had grown temporary talons.
You visited 2 branches of the dungeon, and saw 12 of its levels.
You also visited: Sewer.

You collected 710 gold pieces.

Inventory:

Hand Weapons
 m - a +4 quarterstaff of chaos
 s - a +6 mace of holy wrath (weapon)
 x - a +4 dagger of chaos
 z - the +11 shortbow "Tuneug" {flame, rC++}
   (You found it on level 10 of the Dungeon)

   It causes projectiles fired from it to burn those they strike, causing extra
   injury to most foes and up to half again as much damage against particularly
   susceptible opponents.
   It greatly protects you from cold.
Missiles
 a - 75 arrows
Armour
 j - a +0 buckler
 u - a +1 cloak (worn)
 E - a +2 pair of gloves (worn)
Jewellery
 p - an amulet of guardian spirit (around neck)
 w - a ring of stealth (left hand)
 B - a ring of positive energy (right hand)
Wands
 o - a wand of paralysis (8)
 t - a wand of iceblast (9)
 D - a wand of flame (24)
 F - a wand of disintegration (12)
Scrolls
 b - a scroll of magic mapping
 d - 3 scrolls of amnesia
 f - 3 scrolls of identify
 g - 6 scrolls of remove curse
 q - a scroll of immolation
 y - 2 scrolls of fog
Potions
 h - 3 potions of magic
 i - a potion of cancellation
 k - 2 potions of curing
 l - a potion of brilliance
 n - 2 potions of lignification
 A - a potion of berserk rage
Miscellaneous
 e - a lamp of fire
 H - a phantom mirror
Comestibles
 c - 7 rations
 r - 7 chunks of flesh


   Skills:
 + Level 7.0 Fighting
 + Level 3.1 Short Blades
 + Level 7.1 Maces & Flails
 + Level 8.5 Bows
 + Level 6.1 Dodging
 + Level 5.1 Stealth
 + Level 2.6 Shields
 + Level 4.6 Unarmed Combat
 + Level 8.0 Spellcasting
 + Level 0.2 Hexes
 + Level 8.0 Transmutations
 + Level 0.7 Poison Magic
 * Level 3.1 Invocations
 + Level 1.3 Evocations


You had 8 spell levels left.
You knew the following spells:

 Your Spells              Type           Power        Failure   Level  Hunger
a - Beastly Appendage     Tmut           #####.       1%          1    None
b - Sticks to Snakes      Tmut           #####...     1%          2    None
c - Spider Form           Tmut/Pois      ####......   10%         3    ##.....
d - Animate Skeleton      Necr           N/A          17%         1    None
e - Confusing Touch       Hex            #.....       16%         1    None
f - Ensorcelled Hibernat  Hex/Ice        #.....       24%         2    None
g - Ice Form              Ice/Tmut       ###.....     30%         4    ####...
h - Blade Hands           Tmut           #####.....   17%         5    #####..


Dungeon Overview and Level Annotations

Branches:
Dungeon (11/15)            Temple (1/1) D:6            Lair (0/6) D:11
    Orc: D:9-12

Altars:
Ashenzari
Cheibriados
Dithmenos
Elyvilon
Fedhas
Gozag
Hepliaklqana
Kikubaaqudgha
Makhleb
Nemelex Xobeh
Okawaru
Qazlal
Ru
Sif Muna
Trog
Uskayaw
Vehumet
Wu Jian
Xom
Yredelemnul
Zin
The Shining One


Innate Abilities, Weirdness & Mutations

You can spit globs of acid.
You are resistant to acid.
Your golden yellow scales are hard. (AC +8)
You cannot fit into any form of body armour.
You are cold-blooded and may be slowed by cold attacks.
Your large and strong wings let you fly indefinitely.
You have claws for feet.
You are resistant to hostile enchantments. (MR+)
Your spells are a little harder to cast, but a little more powerful.


Message History

* * * LOW HITPOINT WARNING * * *
The ufetubus hits you but does no damage.
The ufetubus barely misses you.
You hit something.
The ufetubus disappears in a puff of smoke!
Something hits you but does no damage.
Something hits you but does no damage. x2
The ynoxinul gestures.
Something hits you but does no damage. Something hits you but does no damage.
Something hits you but does no damage. Something barely misses you.
Your transformation is almost over.
Something hits you.
* * * LOW HITPOINT WARNING * * *
Something closely misses you.
You sock something! You claw something. You tail-slap something.
Something hits you.
* * * LOW HITPOINT WARNING * * *
Something hits you!
You die...

##.....'.....#.#.##..........#.#.
##.....#.....#.#.##.....####.#.#.
'.................'.........>..##
####.#.........#.##........##....
...#.######.####..#........##..##
##.#.......<.)....#÷.......###...
...........).....................
...#...................#######...
.####.##########@......# #.......
. # # #......){5.....# #.......
#. #.........###### #.......
#..........## #.......
#..........5# #######.
##################.#############
##.....'§5.3.5....#.............)
##.....#.....5...)#3.........##'#
##..#..#..#####..##.......####..#


You could see a ynoxinul and 2 ufetubi.

Vanquished Creatures
  Harold (D:11)
  8 two-headed ogres
  An ogre mage (D:10)
  An unseen horror (D:11)
  An ugly thing (D:11)
  A manticore (D:11)
  The ghost of Ikesh the Stinger, a novice OpVM of Sif Muna (D:5)
  4 centaur zombies (D:11)
  Psyche (D:8)
  A centaur skeleton (D:11)
  A komodo dragon (D:11)
  Grinder (D:5)
  4 hippogriffs
  A yak (D:11)
  2 wraiths
  A wyvern (D:3)
  A hungry ghost (D:5)
  2 acid dragons
  A water moccasin (D:11)
  A soldier ant (D:11)
  Duvessa (D:5)
  5 orc warriors
  A necrophage (D:11)
  3 ice beasts
  4 sky beasts
  An eye of draining (D:11)
  18 ogres
  3 centaurs
  2 crocodiles
  6 big kobolds
  6 bullfrogs
  2 wyvern skeletons
  Dowan (D:5)
  A scorpion (D:7)
  27 killer bees
  9 wights
  5 electric eels (D:10)
  A howler monkey (D:5)
  A crimson imp (D:5)
  2 bullfrog zombies
  A hound (D:8)
  3 orc priests
  3 jellies
  2 quasits
  Crazy Yiuf (D:7)
  A bullfrog skeleton (D:11)
  3 iguanas
  6 orc wizards
  4 worker ants
  An ogre zombie (D:10)
  A hound skeleton (D:8)
  A howler monkey zombie (D:7)
  A worker ant zombie (D:10)
  3 gnolls
  11 adders
  3 river rats (Sewer)
  A howler monkey skeleton (D:4)
  2 shadow imps
  2 adder skeletons
  An adder zombie (D:7)
  8 leopard geckos
  28 orcs
  9 bats
  7 giant cockroaches
  7 goblins
  7 hobgoblins
  6 jackals
  30 kobolds
  5 quokkas
  8 ball pythons
  7 frilled lizards
  A leopard gecko skeleton (D:5)
  A leopard gecko zombie (D:4)
  A quokka zombie (D:5)
  29 rats
339 creatures vanquished.

Vanquished Creatures (collateral kills)
  A hippogriff (D:9)
  A sky beast (D:9)
  A black bear (D:11)
  An ice beast (D:8)
  2 ogres
  A centaur (D:7)
  3 killer bees
  A wight (D:9)
  A jelly (D:11)
  A gnoll (D:5)
  3 orcs
16 creatures vanquished.

Grand Total: 355 creatures vanquished

Notes
Turn   | Place    | Note
-------+----------+-------------------------------------------
     0 | D:1      | Ikesh the Draconian Transmuter began the quest for the Orb.
     0 | D:1      | Reached XP level 1. HP: 16/16 MP: 3/3
   174 | D:1      | Reached XP level 2. HP: 23/23 MP: 3/5
   324 | D:1      | Learned a level 2 spell: Sticks to Snakes
   528 | D:1      | Reached XP level 3. HP: 28/28 MP: 4/6
  1096 | D:2      | Reached skill level 1 in Short Blades
  1226 | D:2      | Reached XP level 4. HP: 32/35 MP: 7/7
  1648 | D:3      | Found a glowing drain.
  1674 | Sewer    | Entered a sewer
  1828 | Sewer    | Noticed a big kobold
  1850 | Sewer    | Killed a big kobold
  1850 | Sewer    | Reached XP level 5. HP: 25/40 MP: 7/9
  2321 | Sewer    | Reached skill level 1 in Stealth
  2605 | Sewer    | Reached XP level 6. HP: 35/47 MP: 10/10
  2869 | D:3      | Noticed a wyvern
  2880 | D:3      | Killed a wyvern
  3626 | D:3      | Learned a level 3 spell: Spider Form
  3670 | D:4      | Your scales start taking on a golden yellow colour.
  3670 | D:4      | Reached XP level 7. HP: 54/55 MP: 7/12
  4244 | D:5      | Entered Level 5 of the Dungeon
  4467 | D:5      | Noticed Grinder
  4467 | D:5      | Noticed Ikesh's ghost (novice OpVM)
  4470 | D:5      | Paralysed by Grinder for 5 turns
  4599 | D:5      | Reached skill level 1 in Shields
  4921 | D:5      | Noticed Dowan
  4940 | D:5      | Killed Dowan
  4940 | D:5      | Reached skill level 1 in Maces & Flails
  4947 | D:5      | Noticed Duvessa
  4954 | D:5      | Killed Duvessa
  5634 | D:5      | Noticed a hungry ghost
  5651 | D:5      | Killed a hungry ghost
  5651 | D:5      | Reached XP level 8. HP: 61/62 MP: 9/15
  6110 | D:6      | Found a staircase to the Ecumenical Temple.
  6121 | Temple   | Entered the Ecumenical Temple
  6285 | Temple   | Became a worshipper of Makhleb the Destroyer
  6377 | D:6      | Learned a level 1 spell: Animate Skeleton
  6379 | D:6      | Learned a level 1 spell: Confusing Touch
  6382 | D:6      | Reached skill level 5 in Transmutations
  6497 | D:6      | Reached skill level 5 in Spellcasting
  7100 | D:7      | Found a runed door.
  7104 | D:7      | Gained mutation: You are resistant to electric shocks. (rElec) [potion of mutation]
  7104 | D:7      | Gained mutation: Your large and strong wings let you fly indefinitely. [potion of mutation]
  7105 | D:7      | Noticed Crazy Yiuf
  7111 | D:7      | Killed Crazy Yiuf
  7595 | D:7      | Noticed a hippogriff
  7621 | D:7      | Killed a hippogriff
  8208 | D:8      | Reached XP level 9. HP: 67/70 MP: 17/17
  8274 | D:8      | Found a white marble altar of Elyvilon.
  8275 | D:8      | Noticed Psyche
  8286 | D:8      | Killed Psyche
  8339 | D:8      | Learned a level 2 spell: Ensorcelled Hibernation
  8707 | D:8      | Reached * piety under Makhleb
  9626 | D:9      | Reached skill level 5 in Maces & Flails
 10089 | D:8      | Got a dazzling spear
 10090 | D:8      | Identified the +7 spear of Evil {drain, Dex+3} (You found it on level 8 of the Dungeon)
 10175 | D:8      | Learned a level 4 spell: Ice Form
 10748 | D:8      | Learned a level 5 spell: Blade Hands
 10819 | D:8      | Reached skill level 1 in Evocations
 11068 | D:8      | Reached XP level 10. HP: 79/79 MP: 20/20
 11267 | D:9      | Reached ** piety under Makhleb
 11449 | D:9      | Reached skill level 5 in Dodging
 11761 | D:10     | Entered Level 10 of the Dungeon
 11808 | D:10     | Got a polished shortbow
 11814 | D:10     | Identified the +11 shortbow "Tuneug" {flame, rC++} (You found it on level 10 of the Dungeon)
 12111 | D:10     | Lost mutation: Your large and strong wings let you fly indefinitely. [potion of mutation]
 12111 | D:10     | Lost mutation: You are resistant to electric shocks. (rElec) [potion of mutation]
 12111 | D:10     | Gained mutation: Your large and strong wings let you fly indefinitely. [potion of mutation]
 12111 | D:10     | Gained mutation: You are resistant to hostile enchantments. (MR+) [potion of mutation]
 12111 | D:10     | Gained mutation: Your spells are a little harder to cast, but a little more powerful. [potion of mutation]
 12221 | D:10     | Reached skill level 1 in Bows
 12448 | D:10     | Noticed a two-headed ogre
 12449 | D:10     | Noticed a two-headed ogre
 12454 | D:10     | Noticed a two-headed ogre
 12482 | D:10     | Killed a two-headed ogre
 12484 | D:10     | Killed a two-headed ogre
 12484 | D:10     | Reached skill level 5 in Fighting
 12494 | D:10     | Killed a two-headed ogre
 12494 | D:10     | Reached XP level 11. HP: 86/86 MP: 22/22
 12676 | D:10     | Noticed a two-headed ogre
 12678 | D:10     | Noticed a two-headed ogre
 12695 | D:10     | Killed a two-headed ogre
 12720 | D:10     | Killed a two-headed ogre
 12720 | D:10     | Reached skill level 5 in Bows
 12913 | D:10     | Noticed an ogre mage
 12917 | D:10     | Noticed a two-headed ogre
 13172 | D:10     | Killed an ogre mage
 13172 | D:10     | Reached *** piety under Makhleb
 13178 | D:10     | Killed a two-headed ogre
 13869 | D:11     | Noticed Harold
 14118 | D:11     | Noticed a two-headed ogre
 14122 | D:11     | Killed a two-headed ogre
 14369 | D:11     | Killed an unseen horror
 14384 | D:11     | Reached skill level 5 in Stealth
 14499 | D:11     | Found a staircase to the Lair.
 14593 | D:11     | Reached skill level 1 in Invocations
 14838 | D:11     | Reached XP level 12. HP: 84/97 MP: 17/23
 15158 | D:11     | Noticed a two-headed ogre
 15471 | D:11     | Noticed a centaur warrior
 15622 | D:11     | Reached **** piety under Makhleb
 16180 | D:5      | Killed Ikesh's ghost
 16340 | D:5      | Killed Grinder
 16593 | D:11     | Killed Harold
 16785 | D:11     | Killed a two-headed ogre
 16901 | D:11     | HP: 4/100 [something (3)]
 16901 | D:11     | Slain by an unseen horror

Vault maps used:
D:1:      onia_arrival_handbag, minmay_shallow_snake_nest
D:2:      first_ration
D:3:      cheibrodos_sewer_entry_sluice
D:5:      uniq_duvessa, uniq_grinder
D:6:      minmay_temple_entry_statues_pillars
D:7:      uniq_crazy_yiuf_cottage
D:8:      old_standard_altar, grunt_ogre_cave, kennysheep_nondescript,
          palyth_stone_intersect, uniq_psyche
D:10:     lemuel_ogre_cave, dk_noncrumbling_2
D:11:     minmay_quarter_circles, lair_entry_dummy, uniq_harold
Temple:   minmay_crystal_snake_temple
Sewer:    sewer_minmay_treatment

Skill      XL: |  1  2  3  4  5  6  7  8  9 10 11 12 |
---------------+-------------------------------------+-----
Dodging        | 2 3 4 5 6 |  6.1
Short Blades   | 1 2 3 |  3.1
Transmutations | 3 4 5 7 8 |  8.0
Spellcasting   | 3 4 5 6 7 8 |  8.0
Stealth        | 1 2 3 4 5 |  5.1
Fighting       | 2 3 4 5 6 7 |  7.0
Shields        | 1 2 |  2.6
Maces & Flails | 2 4 5 6 7 |  7.1
Evocations     | 1 |  1.3
Bows           | 4 7 8 |  8.5
Unarmed Combat | 4 |  4.6
Invocations    | 1 3 |  3.1
Hexes          | |  0.2
Poison Magic   | |  0.7

Action                   |  1- 3 |  4- 6 |  7- 9 | 10-12 || total
-------------------------+-------+-------+-------+-------++-------
Melee: Unarmed           |    22 |       |     5 |    35 ||    62
       Spear             |     3 |       |       |       ||     3
       Headbutt          |     6 |    13 |    21 |    24 ||    64
       Tailslap          |     6 |    22 |    37 |    23 ||    88
       Kick              |     6 |    16 |    34 |    19 ||    75
       Short sword       |    97 |   212 |       |       ||   309
       Mace              |       |     9 |   326 |   209 ||   544
       Punch             |       |       |       |     5 ||     5
 Fire: Shortbow          |       |       |       |   287 ||   287
 Cast: Beastly Appendage |    27 |    42 |    78 |    36 ||   183
       Sticks to Snakes  |       |     9 |    45 |    18 ||    72
       Confusing Touch   |       |       |     1 |       ||     1
       Ensorcelled Hiber |       |       |     2 |       ||     2
       Ice Form          |       |       |     1 |       ||     1
       Spider Form       |       |       |       |     3 ||     3
Invok: Minor Destruction |       |       |       |     4 ||     4
       Lesser Servant of |       |       |       |     1 ||     1
 Abil: Breathe Acid      |       |       |     1 |     2 ||     3
       Fly               |       |       |       |     4 ||     4
       Stop Flying       |       |       |       |     4 ||     4
       End Transformatio |       |       |       |     1 ||     1
Evoke: Wand              |       |       |     8 |    10 ||    18
  Use: Potion            |     1 |     4 |    13 |     7 ||    25
       Scroll            |       |     6 |    12 |    11 ||    29
 Stab: Sleeping          |     1 |     2 |     7 |     1 ||    11
       Distracted        |       |       |     3 |     5 ||     8
       Paralysed         |       |       |     4 |     8 ||    12
  Eat: Chunk             |     2 |     9 |    10 |     9 ||    30
       Ration            |       |       |     5 |     3 ||     8
Armor: Skin              |    30 |    25 |   123 |   131 ||   309
Dodge: Dodged            |    78 |    95 |   312 |   285 ||   770
Block: Buckler           |       |    24 |    96 |    13 ||   133

Table legend:
 A = Spawn XP
 B = Non-spawn XP
 C = Spawn XP percentage of total XP
 D = Spawn monster count
 E = Non-spawn monster count
 F = Spawn count percentage of total count
 G = Total turns spent on level
                    A         B        C        D         E        F      G
               +---------+---------+-------+---------+---------+-------+---------
         Total |       0 |   27055 |   0.0 |       0 |     354 |   0.0 | 16901
               +---------+---------+-------+---------+---------+-------+---------
           D:1 |       0 |      47 |   0.0 |       0 |      28 |   0.0 |   820
           D:2 |       0 |      85 |   0.0 |       0 |      23 |   0.0 |   780
           D:3 |       0 |     248 |   0.0 |       0 |      19 |   0.0 |   919
           D:4 |       0 |     110 |   0.0 |       0 |      10 |   0.0 |  1064
           D:5 |       0 |    1538 |   0.0 |       0 |      29 |   0.0 |  1502
           D:6 |       0 |     468 |   0.0 |       0 |      11 |   0.0 |  1061
           D:7 |       0 |     767 |   0.0 |       0 |      13 |   0.0 |  1170
           D:8 |       0 |    2763 |   0.0 |       0 |      42 |   0.0 |  2988
           D:9 |       0 |    1492 |   0.0 |       0 |      26 |   0.0 |   691
          D:10 |       0 |   10041 |   0.0 |       0 |      46 |   0.0 |  2343
          D:11 |       0 |    9180 |   0.0 |       0 |      59 |   0.0 |  2227
         Sewer |       0 |     316 |   0.0 |       0 |      48 |   0.0 |  1108
               +---------+---------+-------+---------+---------+-------+---------
